 Dungeon Crawl Stone Soup version 0.18.1-8-gdd0e5ea (webtiles) character file.

68271 M4edhros the Prestidigitator (level 15, -6/85 HPs)
             Began as an Octopode Artificer on June 7, 2016.
             Was a High Priest of Fedhas.
             Mangled by a sixfirhy (10 damage)
             ... summoned by an orc sorcerer
             ... while paralysed by an orc sorcerer
             ... on level 2 of the Orcish Mines.
             The game lasted 01:20:48 (28468 turns).

M4edhros the Prestidigitator (Octopode Artificer)  Turns: 28468, Time: 01:20:49

Health: -6/85      AC:  2    Str: 23    XL:     15   Next: 26%
Magic:  24/24      EV:  4    Int: 18    God:    Fedhas [*****.]
Gold:   2352       SH:  0    Dex: 23    Spells: 0 memorised, 14 levels left

rFire  . . .     SeeInvis +     G - +0 greatsling (venom)
rCold  . . .     Gourm    .     i - +1 shield "Puruom" {Int+3}
rNeg   + . .     Faith    +     (helmet restricted)
rPois  +         Spirit   .     t - amulet of faith
rElec  +         Dismiss  .     g - ring of Syjuk {rPois rN+}
rCorr  .         Reflect  .     h - +5 ring of dexterity
SustAt +         Harm     .     B - +3 ring of strength
MR     ++...                    (no ring)
Stlth  ++++++++..               b - +3 ring of strength
                                j - +6 ring of strength
                                k - ring of Ynat {SustAt +Inv rElec MR+ SInv}
                                E - ring of stealth

@: paralysed, very resistant to hostile enchantments, extraordinarily stealthy
A: almost no armour, amphibious, 8 rings, constrict 8, repulsion field 1,
camouflage 1, blurry vision 1, frail 1, poison resistance, shaggy fur 1,
gelatinous body 1, subdued magic 1
a: Evolution, Sunlight, Growth, Reproduction, Rain, Renounce Religion, Evoke
Invisibility


You were on level 2 of the Orcish Mines.
You worshipped Fedhas.
Fedhas was extremely pleased with you.
You were not hungry.

You visited 4 branches of the dungeon, and saw 23 of its levels.
You also visited: Labyrinth and Ice Cave.

You collected 2440 gold pieces.
You spent 88 gold pieces at shops.

Inventory:

Hand Weapons
 e - a +2 morningstar of protection
 y - a +2 demon trident of venom
 A - a +3 blowgun
 D - a +3 hunting sling of freezing
 G - a +0 greatsling of venom (weapon)
Missiles
 a - 275 stones
 n - 93 sling bullets (quivered)
 r - 5 curare-tipped needles
Armour
 i - the +1 shield "Puruom" (worn) {Int+3}
   (You found it on level 9 of the Dungeon)

   It affects your intelligence (+3).
Rods
 z - a +3 lightning rod (13/13)
   (You found it in a labyrinth)
 K - a +0 rod of clouds (14/14)
   (You found it on level 10 of the Dungeon)
 Q - a +3 rod of clouds (12/12)
   (You found it in a labyrinth)
Jewellery
 b - a +3 ring of strength (on tentacle)
 g - the ring of Syjuk (left tentacle) {rPois rN+}
   (You found it on level 11 of the Dungeon)

   [ring of poison resistance]

   It protects you from poison.
   It protects you from negative energy.
 h - a +5 ring of dexterity (right tentacle)
 j - a +6 ring of strength (on tentacle)
 k - the ring of Ynat (on tentacle) {SustAt +Inv rElec MR+ SInv}
   (You found it in an ice cave)

   [ring of sustain attributes]

   It sustains your strength, intelligence and dexterity.
   It insulates you from electricity.
   It affects your resistance to hostile enchantments.
   It lets you see invisible.
   It lets you turn invisible.
 m - an uncursed amulet of harm
 t - an amulet of faith (around mantle)
 B - a +3 ring of strength (on tentacle)
 E - a ring of stealth (on tentacle)
Wands
 x - a wand of lightning (7/15)
 L - a wand of lightning (1/15)
 M - a wand of confusion (2/48)
 R - a wand of paralysis (5/24)
 V - a wand of teleportation (6/9)
 W - a wand of enslavement (12/24)
 X - a wand of polymorph (8/24)
Scrolls
 c - a scroll of fear
 p - 7 scrolls of teleportation
 H - a scroll of summoning
 I - 4 scrolls of immolation
 N - a scroll of acquirement {unknown}
 U - a scroll of fog
 Y - 3 scrolls of magic mapping
Potions
 d - a potion of invisibility
 o - a potion of brilliance {unknown}
 v - a potion of agility
 F - a potion of magic
 J - 2 potions of heal wounds
 P - a potion of curing
 S - 2 potions of lignification
 T - 3 potions of cure mutation {unknown}
 Z - a potion of resistance
Books
 l - Temameiriu's Papyrus of Spatial Ice
   (You found it in a labyrinth)

   Spells                             Type                      Level
   a - Shroud of Golubria             Charms/Translocation         2
   b - Force Lance                    Conjuration/Translocation    4
   c - Throw Icicle                   Conjuration/Ice              4
   d - Ice Form                       Ice/Transmutation            4
   e - Ozocubu's Refrigeration        Ice                          6
 q - the Tome of Sinister Execration
   (You found it in a labyrinth)

   Spells                             Type                      Level
   a - Ensorcelled Hibernation        Hexes/Ice                    2
   b - Dazzling Spray                 Conjuration/Hexes            3
   c - Tukima's Dance                 Hexes                        3
   d - Dispel Undead                  Necromancy                   5
Miscellaneous
 s - a phantom mirror
 w - a sack of spiders {used: 2}
 O - a stone of tremors
Comestibles
 f - 3 bread rations
 u - 12 fruits
 C - 4 slices of pizza


   Skills:
 - Level 6.4 Fighting
   Level 1.0 Short Blades
 + Level 5.8 Polearms
 * Level 11.6 Slings
 - Level 8.1 Dodging
 - Level 11.6 Stealth
 * Level 11.9 Shields
 - Level 10.7 Invocations
 * Level 13.3 Evocations


You had 14 spell levels left.
You didn't know any spells.

Dungeon Overview and Level Annotations

Branches:
Dungeon (12/15)            Temple (1/1) D:6            Lair (8/8) D:9
 Shoals (0/4) Lair:4        Snake (0/4) Lair:6        Slime (0/6) Lair:6
    Orc (2/2) D:12            Elf (0/3) Orc:2

Altars:
Ashenzari
Cheibriados
Dithmenos
Elyvilon
Fedhas
Gozag
Kikubaaqudgha
Makhleb
Nemelex Xobeh
Okawaru
Pakellas
Qazlal
Ru
Sif Muna
Trog
Vehumet
Xom
Yredelemnul
Zin
The Shining One
Beogh

Shops:
Orc:2 ?%

Portals:
Hell: Lair:8
Trove: D:11 (give 2 scrolls of acquirement)

Annotations:
D:5 Scarto's ghost, amateur DsFi
D:12 Azrael


Innate Abilities, Weirdness & Mutations

You cannot wear most types of armour.
You are amphibious.
You can wear up to eight rings at the same time.
You can use your tentacles to constrict eight enemies at once.
Your skin changes colour to match your surroundings (Stealth).
Your rubbery body absorbs attacks (AC +1).
You are surrounded by a mild repulsion field (EV +2).
Scrolls take you a little longer to read.
You are frail (-10% HP).
Your system is resistant to poisons.
You are covered in fur (AC +1).
Your spells are a little easier to cast, but a little less powerful.


Message History

Aim: an orc sorcerer, wielding a dagger and wearing a robe (severely wounded, poisoned)
You shoot a sling bullet.
The sling bullet closely misses the orc sorcerer.
The orc sorcerer casts a spell at you.
You suddenly lose the ability to move!
The orc sorcerer gestures wildly while chanting.
The sixfirhy hits you! The sixfirhy shocks you. You resist.
The sixfirhy hits you!
* * * LOW HITPOINT WARNING * * *
The sixfirhy shocks you. You resist.
* * * LOW HITPOINT WARNING * * *
The orc sorcerer hits you with a dagger.
* * * LOW HITPOINT WARNING * * *
The sixfirhy hits you.
* * * LOW HITPOINT WARNING * * *
The sixfirhy shocks you. You resist.
* * * LOW HITPOINT WARNING * * *
The sixfirhy hits you!
You die...
Fedhas appreciates your contribution to the ecosystem.

...###P#.##(,*∩,∩*,,##.#.##*,,,,,
..##*(..#*.(#*,,,**,,##)..#**,*,*
...##*.#,*#((#*∩*#,,##)#)## **,,,
....#**,,,*#((###.,##...## **,,*
.....#**,.,*#((#..##)..## *,,,*
).....#**...*#.(.##)..## **,**
.......**#...#(#.#.).## ***
.......,**#....o4ff.##
......,,,*##.#.3@#.##
.....,,,,.#*#...(.##
.....,,,...###...##
.....,,,....###.####
.....,,......#####. # **
.....,........###.# ##.# **,
.....,.........#..##..# *,.
....................#### ####.
...............#.##....# ##....


You could see a soul eater, a sixfirhy, an orc sorcerer and 2 friendly wandering
mushrooms.

Vanquished Creatures
  Maud (Lair:5)
  2 dire elephants (Lair:8)
  A minotaur (Lab)
  Harold (Lair:2)
  Josephine (Lair:5)
  An ice dragon (IceCv)
  6 hydras
  Erica (D:8)
  6 death yaks (Lair:8)
  3 orc high priests (Orc:2)
  Urug (D:12)
  A sun demon (Orc:2)
  Sonja (Lair:3)
  A fire crab (Lair:8)
  A skeletal warrior (D:9)
  A gelid demonspawn (Orc:2)
  A cyclops (D:11)
  A wizard (Lair:8)
  2 orc knights (Orc:2)
  4 wandering mushrooms
  4 orc sorcerers (Orc:2)
  2 griffons
  A deep elf mage (D:12)
  Maurice (D:12)
  12 elephants (Lair:8)
  A manticore (Lair:4)
  A sixfirhy (Lair:8)
  6 black mambas
  A gargoyle (D:11)
  An ice statue (IceCv)
  A smoke demon (Lair:8)
  8 spiny frogs
  2 orange demons (Lair:8)
  2 rime drakes
  4 komodo dragons
  3 ice devils (Lair:8)
  A hellwing (Lair:8)
  4 red devils
  3 slime creatures (D:12)
  A troll (D:12)
  A polar bear (Lair:8)
  10 blink frogs (Lair:8)
  4 spriggans
  A wraith (D:12)
  4 wyverns
  5 yaks
  3 basilisks
  4 hungry ghosts (Lab)
  The ghost of santipi the Slasher, an amateur HuFi (D:4)
  16 hippogriffs
  A mottled dragon (D:9)
  A warg (Orc:2)
  3 nagas (Lair:6)
  9 porcupines
  15 water moccasins
  14 orc warriors
  19 ice beasts
  2 black bears
  A wasp (Lair:4)
  2 sky beasts
  4 ogres
  3 phantoms
  12 wolves
  3 centaurs
  13 crocodiles
  3 big kobolds (D:12)
  18 giant frogs
  A gnoll sergeant (D:12)
  A wyvern skeleton (D:9)
  5 scorpions
  6 wights
  An electric eel (Lair:5)
  The ghost of M4edhros the Grave Robber, a weakling OpNe (D:3)
  3 crimson imps
  4 jellies
  16 orc priests
  2 hounds
  4 orc wizards
  2 centaur skeletons
  A giant frog skeleton (D:7)
  11 iguanas
  5 worker ants
  3 hell rats (Lair:3)
  28 sheep
  A giant frog simulacrum (D:9)
  A hound skeleton (D:4)
  9 gnolls
  16 adders
  26 river rats
  4 shadow imps
  3 oozes
  An adder zombie (D:9)
  An adder skeleton (D:8)
  5 worms
  A dart slug (D:5)
  11 giant geckos
  43 orcs
  4 giant cockroaches
  9 hobgoblins
  15 jackals
  10 kobolds
  3 quokkas
  3 bats
  4 giant newts
  10 goblins
  A quokka zombie (D:6)
  12 rats
  A ballistomycete (Orc:2)
  2 toadstools
558 creatures vanquished.

Vanquished Creatures (collateral kills)
  An ice dragon (IceCv)
  A death yak (Lair:7)
  A sun demon (Orc:2)
  3 hill giants
  An orc knight (Orc:2)
  An ugly thing (D:11)
  3 elephants
  A rust devil (Orc:2)
  2 orange demons (Lair:8)
  4 spiny frogs
  A gargoyle (D:9)
  A centaur skeleton (D:11)
  3 komodo dragons
  3 rime drakes
  A hellwing (Orc:2)
  2 trolls
  A blink frog (Lair:8)
  A slime creature (D:12)
  4 wyverns
  2 yaks (Lair:7)
  A fire elemental (D:12)
  A basilisk (Lair:2)
  4 wraiths (Lair:5)
  A golden eye (D:11)
  2 hippogriffs
  A hell hound (D:12)
  A soldier ant (D:11)
  3 water moccasins
  A porcupine (Lair:2)
  A sky beast (D:12)
  5 orc warriors
  A black bear (Lair:7)
  A phantom (D:10)
  8 wolves
  4 ogres
  2 crocodiles
  3 centaurs
  A big kobold (D:12)
  3 giant frogs
  2 gnoll sergeants (D:12)
  4 wights
  2 killer bees (D:10)
  A howler monkey (D:9)
  2 electric eels (D:10)
  A giant frog zombie (D:10)
  A quasit (D:10)
  An orc priest (Orc:2)
  A hound (D:7)
  An orc wizard (D:8)
  A giant frog skeleton (D:11)
  A worker ant (D:9)
  A hell rat (Lair:3)
  9 sheep
  A hound zombie (D:7)
  A hound skeleton (D:7)
  An adder (D:8)
  2 gnolls (D:12)
  6 river rats
  2 shadow imps
  A giant gecko (D:10)
  9 orcs
  A quokka skeleton (D:10)
  A rat (D:1)
  A giant spore (Orc:2)
135 creatures vanquished.

Vanquished Creatures (others)
  An oklob plant (D:10)
  28 wandering mushrooms
  A gargoyle (D:10)
  A wyvern (D:11)
  A killer bee (D:10)
  An orc priest (D:10)
  A killer bee zombie (D:11)
  2 worker ant zombies
  30 fungi
  13 plants (Lair:8)
  524 toadstools
603 creatures vanquished.

Grand Total: 1296 creatures vanquished

Notes
Turn   | Place    | Note
--------------------------------------------------------------
     0 | D:1      | M4edhros the Octopode Artificer began the quest for the Orb.
     0 | D:1      | Reached XP level 1. HP: 13/13 MP: 3/3
   126 | D:1      | Reached XP level 2. HP: 18/18 MP: 4/4
   935 | D:2      | Reached XP level 3. HP: 11/23 MP: 5/5
  1299 | D:2      | Reached skill level 5 in Stealth
  1347 | D:3      | Noticed M4edhros's ghost (weakling OpNe)
  1360 | D:3      | Reached XP level 4. HP: 26/28 MP: 6/6
  1745 | D:4      | Reached XP level 5. HP: 33/33 MP: 7/7
  1794 | D:4      | Found a shadowy altar of Dithmenos.
  1810 | D:4      | Noticed a phantom
  1833 | D:4      | Killed a phantom
  1956 | D:4      | Reached XP level 6. HP: 32/38 MP: 8/8
  2212 | D:4      | Noticed santipi's ghost (amateur HuFi)
  2258 | D:5      | Entered Level 5 of the Dungeon
  2327 | D:5      | Noticed a phantom
  2345 | D:5      | Killed a phantom
  2461 | D:5      | Noticed Scarto's ghost (amateur DsFi)
  2887 | D:5      | Reached XP level 7. HP: 21/45 MP: 9/9
  3063 | D:6      | Found a staircase to the Ecumenical Temple.
  3072 | Temple   | Entered the Ecumenical Temple
  3149 | Temple   | Became a worshipper of Xom of Chaos
  3167 | Temple   | Fell from the grace of Xom
  3167 | Temple   | Became a worshipper of Fedhas Madash
  4165 | D:3      | Reached * piety under Fedhas
  4185 | D:3      | Found a burning altar of Makhleb.
  4383 | D:3      | Killed M4edhros's ghost
  4383 | D:3      | Reached skill level 1 in Invocations
  4425 | D:3      | XOM: give mutations
  4425 | D:3      | Gained mutation: You are frail (-10% HP). [Xom's mischief]
  4425 | D:3      | Gained mutation: You are covered in fur (AC +1). [Xom's mischief]
  4602 | D:4      | Found an ancient bone altar of Kikubaaqudgha.
  4854 | D:4      | Killed santipi's ghost
  4874 | D:5      | XOM: noise
  5126 | D:5      | Reached XP level 8. HP: 47/47 MP: 10/10
  5155 | D:5      | XOM: stat loss: -2 Dex (18/20)
  5564 | D:6      | Found an opulent altar of Gozag.
  5714 | D:6      | XOM: give mutation
  5714 | D:6      | Gained mutation: Your flesh is cold resistant. [Xom's mischief]
  5793 | D:7      | Reached ** piety under Fedhas
  5804 | D:7      | Reached skill level 10 in Stealth
  5804 | D:7      | Reached skill level 5 in Invocations
  5816 | D:7      | XOM: torment (18/48 hp)
  5953 | D:7      | XOM: polymorph wandering mushroom -> oklob plant
  6130 | D:7      | Noticed a spriggan baker
  6134 | D:7      | Killed a spriggan baker
  6134 | D:7      | Reached skill level 5 in Dodging
  6134 | D:7      | Reached XP level 9. HP: 41/54 MP: 13/13
  6652 | D:8      | Reached skill level 5 in Fighting
  7001 | D:8      | Gained mutation: You have supernaturally acute eyesight. [mutagenic meat]
  7002 | D:8      | Lost mutation: Your flesh is cold resistant. [mutagenic meat]
  7003 | D:8      | Gained mutation: You are agile. (Dex +2) [mutagenic meat]
  7004 | D:8      | Gained mutation: You are surrounded by a mild repulsion field (EV +2). [mutagenic meat]
  7005 | D:8      | Gained mutation: Your system is resistant to poisons. [mutagenic meat]
  7460 | D:8      | Noticed Erica
  7518 | D:8      | Gained mutation: You are dopey. (Int -2) [potion of mutation]
  7518 | D:8      | Lost mutation: You are frail (-10% HP). [potion of mutation]
  7518 | D:8      | Lost mutation: You are dopey. (Int -2) [potion of mutation]
  7591 | D:8      | Killed Erica
  7593 | D:8      | Reached *** piety under Fedhas
  7681 | D:9      | Reached XP level 10. HP: 66/68 MP: 16/16
  7697 | D:9      | Noticed a skeletal warrior
  7697 | D:9      | Noticed a gargoyle
  7710 | D:9      | Killed a gargoyle
  7725 | D:9      | Killed a skeletal warrior
  7774 | D:9      | Got a distressingly furry shield
  7780 | D:9      | Identified the +1 shield "Puruom" {Int+3} (You found it on level 9 of the Dungeon)
  8002 | D:9      | Reached skill level 1 in Shields
  8158 | D:9      | XOM: medium Tloc miscast
  8199 | D:9      | Found a staircase to the Lair.
  8956 | D:2      | XOM: mild Pois miscast
  8981 | D:3      | XOM: medium Ice miscast
  9085 | D:5      | XOM: polymorph wandering mushroom -> death cob
  9097 | D:5      | XOM: mild Chrm miscast
  9370 | D:10     | Entered Level 10 of the Dungeon
  9388 | D:10     | Noticed a hill giant
  9390 | D:10     | XOM: noise
  9400 | D:10     | Killed a hill giant
  9400 | D:10     | Reached skill level 1 in Slings
  9409 | D:10     | XOM: mild Tloc miscast
  9601 | D:10     | XOM: 2-stop teleportation journey
  9682 | D:10     | XOM: polymorph wandering mushroom -> thorn hunter
  9790 | D:10     | XOM: polymorph thorn hunter -> death cob
  9925 | D:10     | Reached skill level 4 in Evocations
  9927 | D:10     | Noticed a gargoyle
 10063 | D:10     | XOM: mild Hex miscast
 10120 | D:10     | Identified a +0 rod of clouds (14/14) (You found it on level 10 of the Dungeon)
 10162 | D:10     | Killed a gargoyle
 10459 | D:11     | XOM: mild Divn miscast
 10540 | D:11     | Found a portal to a secret trove of treasure.
 10557 | D:11     | Noticed a cyclops
 10562 | D:11     | Noticed a hill giant
 10590 | D:11     | Killed a hill giant
 10619 | D:11     | Killed a cyclops
 10619 | D:11     | Reached XP level 11. HP: 51/74 MP: 14/18
 10634 | D:11     | Noticed a hill giant
 10641 | D:11     | Killed a hill giant
 10707 | D:11     | Got a bound glass ring
 10737 | D:11     | XOM: 2-stop teleportation journey
 10742 | D:11     | Reached skill level 5 in Evocations
 10769 | D:11     | XOM: mild Air miscast
 10818 | D:11     | Noticed a five-headed hydra
 10923 | D:11     | XOM: noise
 11034 | D:11     | Noticed a cyan ugly thing
 11048 | D:11     | Killed a five-headed hydra
 11048 | D:11     | Reached skill level 10 in Invocations
 11059 | D:11     | Killed a cyan ugly thing
 11529 | D:11     | XOM: give mutations
 11529 | D:11     | Lost mutation: You are agile. (Dex +2) [Xom's mischief]
 11529 | D:11     | Gained mutation: You are frail (-10% HP). [Xom's mischief]
 11529 | D:11     | Lost mutation: You have supernaturally acute eyesight. [Xom's mischief]
 11529 | D:11     | Gained mutation: Scrolls take you a little longer to read. [Xom's mischief]
 11564 | D:11     | Identified the ring of Syjuk {rPois rN+} (You found it on level 11 of the Dungeon)
 11877 | D:12     | Found a staircase to the Orcish Mines.
 11880 | D:12     | Gained mutation: Your spells are a little easier to cast, but a little less powerful. [potion of mutation]
 11880 | D:12     | Gained mutation: Your magical capacity is low (-10% MP). [potion of mutation]
 11880 | D:12     | Lost mutation: Your magical capacity is low (-10% MP). [potion of mutation]
 11935 | D:12     | Noticed Urug
 11957 | D:12     | XOM: medium Pois miscast
 11957 | D:12     | Was forgiven by Xom
 12158 | D:12     | Noticed Maurice
 12185 | D:12     | Killed Maurice
 12185 | D:12     | Reached skill level 5 in Shields
 12718 | D:12     | Killed Urug
 12718 | D:12     | Reached skill level 5 in Slings
 12718 | D:12     | Reached skill level 6 in Evocations
 13096 | D:12     | Noticed a deep elf mage
 13106 | D:12     | Killed a deep elf mage
 13475 | D:12     | Noticed Azrael
 13630 | Lair:1   | Entered Level 1 of the Lair of Beasts
 13726 | Lair:1   | Reached XP level 12. HP: 72/72 MP: 20/20
 14081 | Lair:1   | Noticed a five-headed hydra
 14090 | Lair:1   | Killed a five-headed hydra
 14090 | Lair:1   | Reached skill level 7 in Evocations
 15011 | Lair:2   | Noticed Harold
 15041 | Lair:2   | Killed Harold
 15316 | Lair:2   | Reached skill level 8 in Evocations
 15702 | Lair:3   | Noticed Sonja
 15719 | Lair:3   | Killed Sonja
 15741 | Lair:3   | Reached **** piety under Fedhas
 15963 | Lair:3   | Found a frozen archway.
 15977 | IceCv    | Entered an ice cave
 17655 | IceCv    | Noticed an ice dragon
 17656 | IceCv    | Noticed an ice dragon
 17685 | IceCv    | Killed an ice dragon
 17686 | IceCv    | Killed an ice dragon
 17686 | IceCv    | Reached skill level 9 in Evocations
 17727 | IceCv    | Got a brightly glowing pewter ring
 17728 | IceCv    | Identified the ring of Ynat {SustAt +Inv rElec MR+ SInv} (You found it in an ice cave)
 18328 | Lair:3   | Reached XP level 13. HP: 49/75 MP: 21/21
 19191 | Lair:4   | Found an iron altar of Okawaru.
 19721 | Lair:4   | Found a staircase to the Shoals.
 19896 | Lair:4   | Reached skill level 10 in Evocations
 20158 | Lair:5   | Noticed Josephine
 20195 | Lair:5   | Noticed Maud
 20209 | Lair:5   | Killed Maud
 20268 | Lair:5   | Killed Josephine
 20605 | Lair:5   | Reached skill level 1 in Polearms
 21255 | Lair:6   | Found a staircase to the Snake Pit.
 21598 | Lair:2   | nice, greatsling of venom
 21879 | Lair:6   | Found a staircase to the Slime Pits.
 22028 | Lair:7   | Reached ***** piety under Fedhas
 22480 | Lair:7   | Reached skill level 11 in Evocations
 22620 | Lair:7   | Got a dazzling rapier
 23239 | Lair:8   | Entered Level 8 of the Lair of Beasts
 23302 | Lair:8   | Noticed a dire elephant
 23502 | Lair:8   | Killed a dire elephant
 23502 | Lair:8   | Reached skill level 10 in Slings
 23502 | Lair:8   | Reached XP level 14. HP: 21/81 MP: 22/22
 23761 | Lair:8   | Reached skill level 10 in Shields
 24548 | Lair:8   | Reached skill level 12 in Evocations
 24928 | Lair:8   | Noticed a dire elephant
 24974 | Lair:8   | Killed a dire elephant
 25352 | Lair:8   | Found a burning altar of Makhleb.
 25767 | Lair:8   | Reached skill level 5 in Polearms
 26064 | Lair:8   | Found a gateway to Hell.
 26777 | Orc:1    | Entered Level 1 of the Orcish Mines
 26798 | Orc:1    | Reached ****** piety under Fedhas
 26942 | Orc:1    | Found a roughly hewn altar of Beogh.
 26964 | Orc:2    | Entered Level 2 of the Orcish Mines
 27077 | Orc:2    | Found a labyrinth entrance.
 27095 | Lab      | Entered a labyrinth
 27413 | Lab      | Identified Temameiriu's Papyrus of Spatial Ice
 27413 | Lab      | Identified the Tome of Sinister Execration
 27415 | Lab      | Identified a +3 rod of clouds (12/12) (You found it in a labyrinth)
 27461 | Orc:2    | Reached skill level 13 in Evocations
 27463 | Orc:2    | Reached XP level 15. HP: 64/85 MP: 24/24
 27748 | Orc:2    | Found Qoidghado's Magic Scroll Boutique.
 27768 | Orc:2    | Found Teafougym's Food Shop.
 27802 | Orc:2    | Bought 3 fruits for 54 gold pieces
 27804 | Orc:2    | Bought a scroll of fog for 34 gold pieces
 28465 | Orc:2    | Paralysed by an orc sorcerer for 4 turns
 28468 | Orc:2    | HP: 4/85 [sixfirhy[an orc sorcerer] (2)]
 28468 | Orc:2    | Mangled by a sixfirhy

Skill      XL: |  1  2  3  4  5  6  7  8  9 10 11 12 13 14 |
---------------+-------------------------------------------+-----
Stealth        | 2 4 5 6 8 9 10 11 | 11.6
Fighting       | 2 3 4 5 6 |  6.4
Dodging        | 3 4 5 6 7 8 |  8.1
Invocations    | 2 5 8 9 10 | 10.7
Shields        | 3 5 8 9 11 | 11.9
Slings         | 3 5 8 10 11 | 11.6
Evocations     | 4 6 9 11 13 | 13.3
Polearms       | 3 5 |  5.8
Short Blades   | |  1.0

Action                   |  1- 3 |  4- 6 |  7- 9 | 10-12 | 13-15 || total
-------------------------+-------+-------+-------+-------+-------++-------
Melee: Short sword       |    67 |     6 |       |       |       ||    73
       Constrict         |    21 |    17 |    40 |    60 |    38 ||   176
       Tentacles         |    21 |    16 |    48 |   121 |    45 ||   251
       Morningstar       |       |    78 |   198 |   393 |    82 ||   751
       Demon trident     |       |       |       |       |    66 ||    66
 Fire: Hunting sling     |       |       |       |   326 |   247 ||   573
       Blowgun           |       |       |       |     4 |       ||     4
       Greatsling        |       |       |       |       |  1041 ||  1041
Throw: Stone             |       |       |       |       |    25 ||    25
Invok: Evolution         |       |       |     4 |    22 |    18 ||    44
       Sunlight          |       |       |       |     2 |       ||     2
       Growth            |       |       |       |     1 |       ||     1
       Reproduction      |       |       |       |       |     1 ||     1
Evoke: Wand              |     3 |     2 |    11 |    63 |    18 ||    97
       Rod               |       |       |       |     4 |     4 ||     8
       Sack of spiders   |       |       |       |     2 |       ||     2
       Stone of tremors  |       |       |       |       |     1 ||     1
  Use: Potion            |     2 |     1 |     3 |    16 |       ||    22
       Scroll            |       |       |     9 |    16 |    10 ||    35
 Stab: Sleeping          |     3 |     9 |    28 |    17 |    16 ||    73
       Distracted        |       |       |     2 |     3 |     1 ||     6
       Confused          |       |       |     1 |    12 |     5 ||    18
       Paralysed         |       |       |       |     4 |       ||     4
       Invisible         |       |       |       |     2 |       ||     2
  Eat: Chunk             |     1 |     3 |     5 |     3 |     5 ||    17
       Bread ration      |       |     1 |       |     4 |     4 ||     9
       Meat ration       |       |       |     2 |     3 |     2 ||     7
       Royal jelly       |       |       |     1 |       |     1 ||     2
       Pizza             |       |       |     1 |       |       ||     1
       Beef jerky        |       |       |       |       |     1 ||     1
Armor: Skin              |     5 |    21 |    49 |   113 |    19 ||   207
Dodge: Dodged            |    38 |    70 |   143 |   369 |   361 ||   981
Block: Shield            |       |       |       |   291 |   377 ||   668
